 Dungeon Crawl Stone Soup version 0.19-a0-1019-g9c6a58d (webtiles) character file.

1143 Gagarin the Skirmisher (level 8, -10/87 HPs)
             Began as an Ogre Berserker on July 25, 2016.
             Was an Elder of Trog.
             Mangled by WhatIsLove's ghost (16 damage)
             ... on level 6 of the Dungeon.
             The game lasted 00:11:58 (4259 turns).

Gagarin the Skirmisher (Ogre Berserker)             Turns: 4259, Time: 00:11:59

Health: -10/87     AC:  3    Str: 23    XL:     8   Next: 37%
Magic:  8/8        EV: 12    Int:  6    God:    Trog [****..]
Gold:   211        SH:  0    Dex: 11    Spells: 0 memorised, 7 levels left

rFire  x . .     SeeInvis .     a - +0 mace
rCold  + . .     Gourm    .     b - +0 animal skin
rNeg   . . .     Faith    .     (no shield)
rPois  .         Spirit   .     (helmet restricted)
rElec  .         Dismiss  .     (no cloak)
rCorr  .         Reflect  .     (gloves unavailable)
SustAt .         Harm     .     (boots unavailable)
MR     .....                    (no amulet)
Stlth  +.........               x - ring of flight
                                o - ring of ice (curse)

@: exhausted, slowed, very slow, not resistant to hostile enchantments, very
unstealthy
A: unfitting armour, tough skin 1
a: Berserk, Trog's Hand, Brothers in Arms, Burn Spellbooks, Renounce Religion,
Evoke Flight


You were on level 6 of the Dungeon.
You worshipped Trog.
Trog was greatly pleased with you.
You were near starving.

You visited 1 branch of the dungeon, and saw 6 of its levels.

You collected 211 gold pieces.

Inventory:

Hand Weapons
 a - a +0 mace (weapon)
 z - a +0 giant spiked club
Missiles
 f - 74 stones (quivered)
 y - 15 poisoned needles
Armour
 b - a +0 animal skin (worn)
Jewellery
 n - an uncursed ring of wizardry
 o - a cursed ring of ice (left hand)
 x - a ring of flight (right hand)
Scrolls
 e - 2 scrolls of remove curse
 h - a scroll of random uselessness {unknown}
 j - a scroll of enchant weapon {unknown}
 m - 3 scrolls of identify {unknown}
 p - a scroll of recharging {unknown}
 r - a scroll of immolation {unknown}
 u - a scroll of fog {unknown}
Potions
 d - 3 potions of agility {unknown}
 g - a potion of cancellation {unknown}
 i - 2 potions of curing {unknown}
 k - a potion of degeneration {unknown}
 t - a potion of cure mutation {unknown}
 w - a potion of brilliance {unknown}
Comestibles
 c - 2 bread rations
 l - a meat ration
 q - 2 fruits
 v - a slice of pizza


   Skills:
 + Level 7.2 Fighting
 + Level 6.6 Maces & Flails
 + Level 2.4 Throwing
 + Level 6.6 Dodging
 + Level 1.3 Stealth


You had 7 spell levels left.
You didn't know any spells.

Dungeon Overview and Level Annotations

Branches:
Dungeon (6/15)
 Temple: D:4-7

Altars:
Elyvilon
Fedhas
Gozag
Uskayaw
Vehumet

Annotations:
D:5 epen's ghost, novice MfCK
D:6 WhatIsLove's ghost, novice DgGl


Innate Abilities, Weirdness & Mutations

You are too large for most types of armour.
You have tough skin. (AC +1)


Message History

WhatIsLove's ghost is severely damaged.
You miss WhatIsLove's ghost.
WhatIsLove's ghost is severely damaged.
WhatIsLove's ghost hits you!
* * * LOW HITPOINT WARNING * * *
You hit WhatIsLove's ghost.
WhatIsLove's ghost is severely damaged.
WhatIsLove's ghost closely misses you.
You closely miss WhatIsLove's ghost.
WhatIsLove's ghost is severely damaged.
You miss WhatIsLove's ghost.
WhatIsLove's ghost is severely damaged.
You are no longer berserk.
You are exhausted.
You feel yourself slow down.
You are near starving!
WhatIsLove's ghost closely misses you.
Okay, then.
WhatIsLove's ghost hits you!
You die...

## ..
###############.##
#...........@Wh..#
#.#############..#
#.# !# #.# # #.#
#<# ###


You could see WhatIsLove's ghost and a jackal.

Vanquished Creatures
  Prince Ribbit (D:6)
  Duvessa (D:4)
  2 ogres (D:4)
  2 centaurs (D:5)
  A scorpion (D:4)
  Dowan (D:4)
  A giant frog skeleton (D:4)
  2 hounds (D:4)
  2 orc priests (D:4)
  2 orc wizards (D:4)
  A hound zombie (D:3)
  4 gnolls (D:2)
  5 adders
  A shadow imp (D:6)
  An ooze (D:1)
  3 worms
  6 dart slugs
  4 giant geckos
  10 orcs
  3 ball pythons
  5 giant cockroaches
  7 goblins
  5 hobgoblins
  8 jackals
  A quokka (D:3)
  9 bats
  A giant gecko skeleton (D:6)
  3 giant newts
  4 kobolds (D:1)
  9 rats
105 creatures vanquished.

Notes
Turn   | Place    | Note
-------+----------+-------------------------------------------
     0 | D:1      | Gagarin the Ogre Berserker began the quest for the Orb.
     0 | D:1      | Reached XP level 1. HP: 24/24 MP: 1/1
   121 | D:1      | Reached XP level 2. HP: 26/32 MP: 2/2
   463 | D:1      | Reached XP level 3. HP: 38/40 MP: 3/3
   615 | D:1      | Reached ** piety under Trog
   983 | D:2      | Reached skill level 5 in Fighting
  1117 | D:2      | Reached XP level 4. HP: 50/50 MP: 4/4
  1484 | D:2      | Reached skill level 1 in Throwing
  1484 | D:2      | Reached XP level 5. HP: 57/57 MP: 5/5
  1695 | D:2      | Found a radiant altar of Vehumet.
  1909 | D:3      | Found a hide-covered altar of Uskayaw.
  1939 | D:3      | Found a blossoming altar of Fedhas.
  2352 | D:3      | Found an opulent altar of Gozag.
  2620 | D:3      | Reached *** piety under Trog
  2857 | D:4      | Reached skill level 5 in Maces & Flails
  2857 | D:4      | Reached XP level 6. HP: 66/66 MP: 6/6
  3102 | D:4      | Noticed Dowan
  3104 | D:4      | Noticed Duvessa
  3108 | D:4      | Killed Dowan
  3108 | D:4      | Reached skill level 5 in Dodging
  3116 | D:4      | Killed Duvessa
  3116 | D:4      | Reached XP level 7. HP: 66/74 MP: 7/7
  3308 | D:4      | Reached skill level 6 in Fighting
  3468 | D:4      | Found a white marble altar of Elyvilon.
  3487 | D:4      | Reached skill level 1 in Stealth
  3637 | D:5      | Entered Level 5 of the Dungeon
  3755 | D:5      | Reached XP level 8. HP: 52/84 MP: 8/8
  3881 | D:5      | Reached skill level 7 in Fighting
  4094 | D:5      | Noticed epen's ghost (novice MfCK)
  4219 | D:6      | Noticed Prince Ribbit
  4227 | D:6      | Noticed WhatIsLove's ghost (novice DgGl)
  4240 | D:6      | Reached **** piety under Trog
  4244 | D:6      | Killed Prince Ribbit
  4259 | D:6      | Mangled by WhatIsLove's ghost

Vault maps used:
D:1:      dpeg_arrival_more_subterranean_lakeside_camping, hex_tiny,
          minmay_crystal_room, grunt_decor_fettered
D:2:      fiery_altar_vehumet, serial_corexii_hall, corexii_hall_statues_l,
          corexii_hall_statues_l, corexii_hall_statues_deadend,
          corexii_hall_statues_x, kennysheep_generic_room_6
D:3:      grunt_temple_overflow_open, grunt_gozag_breadcrumbs, first_bread
D:4:      kennysheep_mini_moat, uniq_duvessa
D:5:      grunt_temple_overflow_order_and_chaos_1, gammafunk_pakellas_its_alive,
          trog_wizard
D:6:      basic_altar, serial_shops, shop_coins, st_stairs_5,
          uniq_prince_ribbit1, uniq_menkaure

Skill      XL: |  1  2  3  4  5  6  7  8 |
---------------+-------------------------+-----
Dodging        | 3 4 5 6 |  6.6
Fighting       | 5 6 7 |  7.2
Throwing       | 1 2 |  2.4
Maces & Flails | 5 6 |  6.6
Stealth        | 1 |  1.3

Action                   |  1- 3 |  4- 6 |  7- 9 || total
-------------------------+-------+-------+-------++-------
Melee: Mace              |   103 |   119 |   128 ||   350
Throw: Stone             |    34 |    55 |     8 ||    97
Invok: Berserk           |     1 |     3 |     3 ||     7
  Use: Scroll            |       |     1 |       ||     1
  Eat: Chunk             |     1 |     9 |     6 ||    16
Armor: Animal skin       |    43 |    30 |    16 ||    89
Dodge: Dodged            |    68 |    78 |    74 ||   220
